Map: Dusk Towers

Players

LilDicky - Winner!

  • Race: Terran Terran
  • League: Diamond

Ritefzz

  • Race: Terran Terran
  • League: Platinum

VOD

http://www.twitch.tv/tumescentpie

Description

Time

  • Played on: Nov. 28, 2015, 1:29 a.m.
  • Length: 20:12
Show
View Real Time Build Order
Export as new Build Order

LilDicky Terran - Winner!

Build Orders:  

Get SALT Encoding   

  12  0:02  SCV  
  14  0:14  SCV  
  14  0:18  Supply Depot  
  14  0:26  SCV  
  15  0:40  SCV  
  16  0:44  Barracks  
  16  0:51  Refinery  
  16  0:53  SCV  
  17  1:05  SCV  
  18  1:17  SCV  
  19  1:30  SCV  
  19  1:32  Marine  
  21  1:34  Supply Depot  
  22  1:55  Marine  
  22  1:57  Orbital Command  
  22  2:06  Command Center  
  21  2:10  Factory  
  21  2:16  Reaper  
  22  2:23  SCV, Refinery  
  23  2:30  Supply Depot  
  23  2:47  SCV  
  23  2:48  Marine  
  25  3:01  Factory Tech Lab  
  25  3:02  SCV  
  25  3:04  Starport  
  26  3:06  Marine  
  27  3:14  SCV  
  28  3:27  SCV  
  29  3:31  Orbital Command  
  29  3:39  SCV  
  32  3:48  Medivac  
  32  3:50  Marine  
  32  3:51  SCV  
  32  3:52  Supply Depot  
  34  4:00  SCV  
  34  4:02  Siege Tank  
  38  4:03  SCV  
  39  4:10  Marine  
  39  4:11  Refinery  
  39  4:12  SCV  
  39  4:15  SCV  
  42  4:22  Medivac  
  44  4:24  SCV  
  44  4:27  SCV  
  46  4:33  Marine  
  46  4:34  Siege Tank  
  46  4:36  SCV  
  51  4:39  SCV  
  52  4:48  SCV  
  52  4:51  SCV, Marine  
  55  5:00  SCV  
  55  5:06  Siege Tank, Medivac  
  61  5:08  Marine  
  61  5:13  Command Center  
  62  5:24  Supply Depot  
  62  5:25  SCV x2  
  62  5:26  Marine  
  64  5:45  SCV  
  64  5:47  Marine  
  64  5:48  Starport Tech Lab  
  64  5:49  SCV  
  59  5:50  Siege Tank  
  62  5:57  SCV  
  63  6:05  SCV  
  63  6:06  Supply Depot, Marine  
  63  6:09  SCV  
  66  6:11  Barracks  
  66  6:12  Barracks  
  66  6:14  Banshee, Cloaking Field, Barracks  
  66  6:16  Barracks  
  66  6:17  SCV  
  63  6:39  SCV x2  
  60  6:49  Siege Tank  
  60  6:51  Barracks Tech Lab  
  61  7:09  Marine x2  
  61  7:10  Banshee, Marine  
  67  7:19  SCV  
  67  7:20  Orbital Command  
  67  7:21  Marine  
  68  7:23  Combat Shields  
  68  7:27  Marine x2  
  69  7:34  Barracks Reactor  
  69  7:36  Supply Depot  
  69  7:38  SCV  
  70  7:45  SCV x2  
  70  7:47  Refinery  
  70  7:48  Marine x3  
  70  7:50  Engineering Bay  
  75  7:51  Marine  
  75  7:53  Banshee  
  75  7:57  Siege Tank  
  82  7:59  Supply Depot  
  82  8:04  Supply Depot x2  
  82  8:05  Supply Depot  
  79  8:06  Marine  
  79  8:07  SCV x2  
  79  8:10  Marauder  
  86  8:17  Supply Depot  
  86  8:18  Marine x2  
  88  8:20  Barracks Reactor  
  88  8:21  Barracks Reactor  
  88  8:23  SCV x2  
  88  8:27  Barracks x3  
  88  8:28  Barracks  
  88  8:30  Terran Infantry Weapons Level 1, Missile Turret x2  
  88  8:31  Marine, Engineering Bay, Missile Turret, Marauder  
  91  8:34  Missile Turret  
  91  8:39  Marine  
  91  8:40  Supply Depot  
  89  8:50  Siege Tank  
  89  8:52  Marauder, Marine  
  89  8:53  Supply Depot, Starport Reactor  
  95  8:57  Marine  
  96  9:04  Marine x3  
  96  9:05  Marauder  
  96  9:06  SCV  
  96  9:07  Supply Depot, SCV  
  103  9:13  Command Center  
  103  9:15  SCV  
  104  9:19  SCV  
  104  9:22  Siege Tank  
  104  9:24  Marine x7  
  108  9:26  Marine  
  108  9:30  Refinery  
  116  9:32  Refinery  
  116  9:34  Terran Infantry Armor Level 1  
  116  9:40  Barracks Reactor x2  
  116  9:41  Barracks Reactor x2  
  116  9:42  Armory  
  116  9:43  Marine x2  
  116  9:44  Marine  
  116  9:45  Marine  
  120  9:49  Supply Depot  
  120  10:01  Supply Depot  
  120  10:02  Marine x7  
  120  10:03  Medivac, Marine  
  120  10:05  Medivac  
  132  10:11  SCV x3  
  135  10:19  Marine  
  136  10:23  SCV  
  136  10:25  Command Center  
  137  10:45  Marine  
  137  10:46  Marauder, Marine  
  141  10:56  Terran Infantry Weapons Level 2  
  141  10:57  Marine  
  141  10:58  Marine  
  143  11:10  Marine x6  
  146  11:11  Medivac  
  146  11:12  Marine x2, Medivac  
  146  11:13  Marauder x2  
  156  11:26  Marine x2  
  156  11:27  Marine x3  
  161  11:33  Starport x2  
  161  11:34  Marauder x2  
  165  11:41  Medivac  
  165  11:42  Medivac  
  169  11:48  Orbital Command  
  169  11:51  Refinery  
  169  11:52  Refinery  
  169  11:54  Missile Turret, Marine  
  169  11:56  Marauder x2  
  169  11:57  Marine  
  175  12:04  Terran Infantry Armor Level 2  
  175  12:08  Supply Depot  
  175  12:09  Supply Depot, Marine  
  175  12:10  Terran Vehicle And Ship Armor Level 1, Marine x2  
  175  12:11  Medivac  
  175  12:12  Medivac  
  175  12:14  Marine x2, Starport Tech Lab x2  
  184  12:17  Marauder  
  184  12:19  Planetary Fortress  
  186  12:25  Missile Turret  
  185  12:43  Stimpack  
  181  12:51  Marine  
  181  12:52  Marine  
  181  12:57  Orbital Command  
  170  13:00  Marine  
  170  13:01  Marine x4  
  170  13:02  Marine x4  
  170  13:03  Marine x5  
  170  13:04  Banshee x2  
  189  13:06  Corvid Reactor  
  189  13:09  Marine x2  
  189  13:10  Fusion Core  
  191  13:18  Marine  
  191  13:19  Marine x2  
  194  13:41  SCV  
  194  13:42  SCV x2  
  194  13:43  SCV x2  
  194  13:45  Marine  
  200  13:53  SCV  
  200  13:54  SCV, Marine x3  
  200  13:58  Concussive Shells  
  157  14:25  Supply Depot  
  157  14:27  Supply Depot  
  157  14:28  Marine x3  
  157  14:29  Marine x10  
  157  14:30  Medivac x3, Marauder  
  178  14:37  Marine x2  
  180  14:49  Marine x12  
  180  14:50  Marine x2  
  180  14:51  Siege Tank  
  180  14:52  Medivac  
  199  14:53  Command Center  
  199  14:54  Terran Vehicle And Ship Armor Level 2, Marine  
  199  14:57  Terran Infantry Weapons Level 3, Terran Infantry Armor Level 3  
  200  15:02  Command Center, Armory  
  200  15:05  Armory  
  191  15:40  Marine  
  191  15:41  Marine x3  
  191  15:42  Marauder x2  
  190  15:55  Marine x5  
  190  16:00  Marine x2  
  190  16:01  SCV  
  190  16:02  SCV  
  190  16:03  Marauder x2  
  192  16:11  Marine  
  192  16:12  Marine x5  
  198  16:23  Marine  
  198  16:24  Marine  
  182  16:36  Marine x11  
  182  16:37  Marauder, Marine  
  182  16:38  Marauder  
  180  16:40  Medivac x4  
  180  16:41  Marine  
  188  16:48  Planetary Fortress  
  188  16:50  Planetary Fortress  
  188  16:54  Marine  
  188  16:55  Marine  
  188  16:56  Missile Turret, Marine x5  
  188  16:59  Marauder  
  197  17:02  Refinery x2  
  197  17:08  Marine  
  197  17:09  Refinery, Marine x2  
  200  17:18  Orbital Command  
  200  17:35  Missile Turret  
  200  17:46  Refinery  
  200  17:48  Missile Turret x2  
  200  17:49  Missile Turret  
  196  18:36  Marine x7  
  196  18:37  Marauder x2  
  183  18:43  Marine  
  183  18:44  Marine  
  172  18:49  Marine x5  
  172  18:52  Banshee  
  172  18:53  Banshee, Marine, Medivac x2  
  188  18:56  Marine x2  
  188  18:58  Marauder  
  188  18:59  Marauder  
  194  19:08  SCV  
  194  19:09  Refinery  
  195  19:20  Marauder, Marine x3  
  186  19:43  Marine  
  186  19:44  Marauder, Marine x2  
  186  19:45  Marine  
  184  19:46  Marine  
  184  19:48  Marine x2  
Show
View Real Time Build Order
Export as new Build Order

Ritefzz Terran 

Build Orders: Reaper Expand 

Get SALT Encoding   

  12  0:01  SCV  
  13  0:13  SCV  
  14  0:17  Supply Depot  
  14  0:25  SCV  
  15  0:39  SCV  
  15  0:42  Barracks  
  16  0:47  Refinery  
  16  0:51  SCV  
  17  1:03  SCV  
  18  1:15  SCV  
  19  1:30  Orbital Command  
  19  1:31  Reaper  
  20  1:41  Command Center  
  20  1:55  SCV  
  20  1:58  Supply Depot  
  21  2:03  Marine  
  21  2:08  SCV  
  23  2:20  SCV  
  23  2:21  Factory, Marine  
  25  2:25  Refinery  
  25  2:32  SCV  
  26  2:47  Barracks Reactor  
  26  2:53  Orbital Command  
  26  3:03  Barracks  
  26  3:08  Starport  
  26  3:09  Factory Tech Lab  
  26  3:16  SCV  
  27  3:23  Marine x2  
  29  3:28  SCV  
  29  3:29  SCV  
  29  3:31  Siege Tank  
  33  3:40  SCV  
  33  3:41  SCV  
  35  3:43  Marine x2  
  35  3:47  Starport Reactor  
  37  3:50  Engineering Bay  
  37  3:51  Barracks Tech Lab  
  37  3:52  SCV  
  37  3:55  SCV  
  39  4:02  Marine  
  39  4:03  Marine  
  39  4:04  SCV  
  39  4:07  SCV  
  43  4:13  Supply Depot  
  43  4:15  Siege Tank  
  46  4:21  Stimpack  
  46  4:27  Missile Turret  
  46  4:35  SCV x2, Marine x2  
  50  4:39  Missile Turret  
  50  4:40  Supply Depot  
  50  4:42  Supply Depot  
  50  4:43  Marine  
  51  4:47  SCV  
  51  4:48  SCV  
  53  4:56  Refinery  
  53  4:59  SCV  
  54  5:01  SCV, Viking, Marine x2  
  54  5:04  Supply Depot  
  54  5:05  Terran Infantry Weapons Level 1  
  59  5:10  Supply Depot  
  59  5:11  SCV  
  59  5:14  SCV, Marine  
  62  5:17  Medivac  
  62  5:19  Marine  
  65  5:23  SCV  
  65  5:26  SCV  
  67  5:34  Supply Depot  
  66  5:35  SCV  
  57  5:47  Marine x3  
  60  6:05  Marine x3  
  60  6:22  Marine  
  60  6:23  Marine x2  
  55  6:40  Marine x2  
  55  6:41  Marauder  
  55  6:44  Siege Tank  
  62  6:50  Viking x2, Barracks  
  66  6:58  Marine x2  
  68  7:02  Marine  
  61  7:16  Siege Tank, Marine x2  
  61  7:20  Marine  
  67  7:26  Medivac  
  69  7:34  Marine x2  
  71  7:38  Terran Infantry Armor Level 1, Barracks Reactor, Marine  
  71  7:40  Barracks  
  72  7:46  SCV  
  72  7:47  SCV  
  74  7:51  Marine  
  74  7:52  Refinery, Marine  
  74  7:56  Marine  
  77  8:03  Siege Tank  
  80  8:09  Marine x2  
  80  8:12  Command Center  
  82  8:13  Marine  
  83  8:21  Marine x2  
  83  8:23  Medivac  
  83  8:24  Medivac  
  89  8:27  Marine x2  
  89  8:31  Barracks Reactor, Engineering Bay, Marine  
  92  8:39  Marine x2  
  94  8:42  Missile Turret  
  94  9:04  Missile Turret  
  94  9:15  Supply Depot  
  94  9:22  Armory  
  94  9:23  Viking x2, Marine x5  
  103  9:31  Orbital Command  
  103  9:35  SCV  
  103  9:36  SCV  
  105  9:41  Marine  
  105  9:42  Marauder  
  108  9:53  Viking  
  108  9:57  Marine x2  
  108  9:59  Marine x2  
  114  10:03  Marauder  
  116  10:15  Terran Infantry Weapons Level 2  
  116  10:16  Terran Infantry Armor Level 2  
  116  10:18  Terran Vehicle Weapons Level 1  
  116  10:21  Command Center, Supply Depot  
  116  10:31  Medivac x2  
  122  10:42  Siege Tank  
  122  10:43  Marauder  
  122  10:53  SCV x3  
  124  11:05  SCV  
  124  11:08  SCV  
  125  11:23  Supply Depot  
  125  11:26  Supply Depot  
  125  11:34  Refinery  
  125  11:45  SCV x2, Marauder, Marine x4  
  133  11:47  SCV, Siege Tank, Marine x2  
  133  11:52  Missile Turret  
  139  11:57  SCV x2  
  139  12:01  SCV  
  142  12:02  Marine x4  
  142  12:05  Marine x2  
  142  12:06  Marine  
  149  12:09  SCV x2  
  149  12:10  Planetary Fortress  
  149  12:13  SCV, Missile Turret  
  149  12:14  Refinery, Missile Turret  
  152  12:19  Siege Tank  
  152  12:20  Marine  
  156  12:34  SCV  
  156  12:38  SCV x2  
  151  12:46  SCV  
  151  12:50  SCV  
  151  13:12  Marine  
  151  13:13  Marauder, Marine x2  
  151  13:18  Terran Infantry Armor Level 3  
  156  13:23  Supply Depot  
  156  13:30  SCV x2  
  156  13:31  SCV x2  
  150  13:34  Marauder  
  150  13:35  Supply Depot  
  149  13:42  SCV  
  149  13:43  SCV  
  151  13:56  Marauder  
  133  14:29  Marauder, Marine x4  
  139  14:36  Barracks  
  139  14:39  Missile Turret  
  139  14:42  Command Center  
  139  14:48  Terran Vehicle Weapons Level 2  
  139  14:51  Marauder  
  141  14:52  Engineering Bay  
  141  14:54  Engineering Bay  
  141  14:59  Refinery  
  141  15:00  Missile Turret  
  141  15:18  Barracks  
  140  15:22  Missile Turret  
  140  15:24  Barracks  
  140  15:27  Command Center  
  132  15:55  Marine x4  
  132  15:56  Marine x3, Marauder  
  138  15:57  Orbital Command  
  138  16:02  Command Center  
  137  16:17  Engineering Bay, Marauder  
  139  16:21  Barracks Reactor  
  139  16:22  Barracks Tech Lab  
  139  16:23  Barracks Tech Lab  
  139  16:24  Command Center  
  124  16:38  Marauder  
  122  16:40  Marine x3  
  125  16:49  Factory  
  125  17:00  Marauder  
  127  17:13  Orbital Command  
  127  17:19  Supply Depot  
  127  17:21  Marauder  
  129  17:23  Supply Depot x2  
  129  17:27  Supply Depot  
  129  17:33  Missile Turret  
  129  17:40  Starport  
  129  17:41  Starport  
  129  17:43  Terran Vehicle And Ship Armor Level 1  
  129  17:44  Neosteel Frame  
  129  17:46  Factory Tech Lab  
  129  17:51  Armory  
  129  17:53  Starport  
  129  17:54  Missile Turret  
  129  18:00  Starport  
  129  18:01  Starport  
  129  18:02  Orbital Command  
  129  18:08  Marine  
  127  18:28  Factory Tech Lab  
  127  18:33  Orbital Command  
  125  18:41  Command Center  
  110  18:49  Starport Tech Lab  
  110  18:50  Starport Tech Lab  
  110  18:55  Starport Tech Lab  
  110  18:58  Orbital Command  
  110  19:02  Marine x2  
  111  19:03  Marauder x2, Marine  
  111  19:05  Supply Depot  
  117  19:11  Starport  
  117  19:22  Fusion Core  
  117  19:29  Missile Turret  
  117  19:30  Marine  
Tags
 
Add a new tag
Caveats
  • Supply blocks, unpowered buildings, or Contaminate may cause inaccurate times.
  • Supply counts are checked every 10 seconds.